 Dungeon Crawl Stone Soup version 0.21.1-1-g345015f (webtiles) character file.

1450933 NicuTudor the Slayer (level 27, 245/245 HPs)
             Began as a Mummy Fighter on June 27, 2018.
             Was an Initiate of Gozag.
             Escaped with the Orb
             ... and 3 runes on June 28, 2018!
             The game lasted 08:59:04 (112897 turns).

NicuTudor the Slayer (Mummy Fighter)              Turns: 112897, Time: 08:59:05

Health: 245/245    AC: 47    Str: 35    XL:     27
Magic:  29/29      EV: 19    Int:  9    God:    Gozag
Gold:   7115       SH: 17    Dex: 10    Spells: 24/34 levels left

rFire    + + .     SeeInvis .   a - +8 eveningstar (elec) {Messi}
rCold    + + +     Gourm    .   l - +2 shield of Refuge {*Contam Int+3 Slay+2 Stlth+}
rNeg     + + +     Faith    .   s - +8 storm dragon scales of Repulsion {rElec MR++ Str+4 Int-4}
rPois    ∞         Spirit   .   h - +2 helmet {Robin}
rElec    +         Reflect  .   e - +2 cloak
rCorr    .         Harm     .   j - +1 pair of gloves {archery}
MR       +++++                  d - +2 pair of boots
Stlth    ..........             T - amulet of regeneration
HPRegen  0.90/turn              R - ring of Ucatwola {Wiz rF++ rC++ Str+3}
MPRegen  0.21/turn              r - ring "Ilikhluh" {rPois rF+ AC+5 Dex-3}

@: gold aura
A: no food or potions, fire vulnerability, cold resistance 1, negative energy
resistance 3, torment resistance, unbreathing, in touch with death 2
0: Orb of Zot
}: 3/15 runes: serpentine, barnacled, silver
a: Potion Petition, Call Merchant, Bribe Branch, Renounce Religion


You escaped.
You worshipped Gozag.
Gozag was greatly pleased with you.
You were not hungry.

You visited 11 branches of the dungeon, and saw 53 of its levels.
You also visited: Labyrinth, Bailey and Wizlab.

You collected 34645 gold pieces.
You spent 4001 gold pieces at shops.
You paid 23529 gold pieces to Gozag.

Inventory:

Hand Weapons
 a - a +8 eveningstar of electrocution (weapon) {Messi}
Missiles
 g - 15 javelins of penetration {@Q2}
 t - 5 throwing nets (quivered) {!f@Q4}
 I - 14 javelins of returning {@Q1}
Armour
 b - a +1 cloak of magic resistance
 d - a +2 pair of boots (worn)
 e - a +2 cloak (worn)
 h - a +2 helmet (worn) {Robin}
 j - a +1 pair of gloves of archery (worn)
 l - the +2 shield of Refuge (worn) {*Contam Int+3 Slay+2 Stlth+}
   (You found it on level 3 of the Elven Halls)

   It affects your intelligence (+3).
   It affects your accuracy and damage with ranged weapons and melee attacks
   (+2).
   It causes magical contamination when unequipped.
   It makes you more stealthy.
 s - the +8 storm dragon scales of Repulsion (worn) {rElec MR++ Str+4 Int-4}
   (You took it off a yaktaur captain on level 5 of the Vaults)

   It affects your strength (+4).
   It affects your intelligence (-4).
   It insulates you from electricity.
   It affects your resistance to hostile enchantments.
Jewellery
 p - the amulet "Zavudel" {+Rage +Inv rPois rN+}
   (You found it on level 2 of the Lair of Beasts)

   [amulet of rage]

   It protects you from poison.
   It protects you from negative energy.
   It lets you turn invisible.
   It lets you go berserk.
 r - the ring "Ilikhluh" (right hand) {rPois rF+ AC+5 Dex-3}
   (You bought it in a shop on level 1 of the Lair of Beasts)

   [ring of protection]

   It affects your AC (+5).
   It affects your dexterity (-3).
   It protects you from fire.
   It protects you from poison.
 u - the ring "Itzuvop" {rCorr Dex+2}
   (You took it off a deep elf death mage on level 5 of the Vaults)

   [ring of resist corrosion]

   It affects your dexterity (+2).
 y - an uncursed ring of flight
 O - an uncursed ring of see invisible
 R - the ring of Ucatwola (left hand) {Wiz rF++ rC++ Str+3}
   (You acquired it on level 4 of the Shoals)

   [ring of wizardry]

   It improves your spell success rate.
   It affects your strength (+3).
   It greatly protects you from fire.
   It greatly protects you from cold.
 T - an amulet of regeneration (around neck)
Wands
 f - a wand of clouds (1)
 i - a wand of polymorph (26)
 w - a wand of enslavement (9)
 A - a wand of digging (2)
 J - a wand of paralysis (21)
 L - a wand of iceblast (15)
 S - a wand of acid (9)
Scrolls
 c - 6 scrolls of fear
 k - 28 scrolls of remove curse
 n - 17 scrolls of teleportation {@r1!r}
 o - a scroll of brand weapon {!r}
 q - 18 scrolls of identify
 x - a scroll of magic mapping
 D - 2 scrolls of torment {!r}
 H - 4 scrolls of silence {!r}
 K - 2 scrolls of summoning {!r}
 M - a scroll of fog
 P - 2 scrolls of blinking {@r2!r}
Miscellaneous
 m - a lightning rod (4/4)
 v - a sack of spiders
 B - 2 boxes of beasts
 E - a fan of gales
 F - a phial of floods
 N - a lamp of fire
 Q - 4 phantom mirrors


   Skills:
 + Level 26.2 Fighting
 - Level 16.0 Maces & Flails
 - Level 10.0 Throwing
 + Level 21.1 Armour
 - Level 20.0 Dodging
 - Level 15.0 Shields
 - Level 4.0 Spellcasting
 - Level 3.0 Hexes
 - Level 3.0 Charms
 - Level 3.0 Summonings
 - Level 3.0 Translocations
 - Level 7.0 Evocations


You had 24 spell levels left.
You knew the following spells:

 Your Spells              Type           Power        Failure   Level  Hunger
a - Apportation           Tloc           #.....       7%          1    N/A
b - Blink                 Tloc           N/A          11%         2    N/A
v - Lesser Beckoning      Tloc           #.........   21%         3    N/A
w - Spectral Weapon       Hex/Chrm       #.......     21%         3    N/A
F - Summon Butterflies    Summ           #.......     7%          1    N/A

Dungeon Overview and Level Annotations

Branches:
Dungeon (15/15)            Temple (1/1) D:6            Lair (6/6) D:11
 Shoals (4/4) Lair:4        Snake (4/4) Lair:4        Slime (0/5) Lair:5
    Orc (2/2) D:10            Elf (3/3) Orc:2        Vaults (5/5) D:13
  Crypt (3/3) Vaults:2       Tomb (0/3) Crypt:3      Depths (5/5) D:15
    Zot (5/5) Depths:5

Altars:
Ashenzari
Cheibriados
Dithmenos
Fedhas
Gozag
Hepliaklqana
Makhleb
Nemelex Xobeh
Qazlal
Trog
Uskayaw
Vehumet
Xom
Yredelemnul
Zin
Beogh
Jiyva

Shops:
D:4 (   D:8 }   D:10 (   D:15 }   Orc:2 [!}*?   Elf:3 (   Lair:1 =[}
Snake:1 =}   Vaults:1 !   Depths:3 *

Portals:
Hell: Depths:1 Depths:2 Depths:3 Depths:4 Depths:5
Abyss: Depths:3 Depths:4
Pandemonium: Orc:2 Depths:1 Depths:3
Ziggurat: Depths:1

Annotations:
D:5 exclusion: statue
Lair:5 1 runed door
Elf:2 3 runed doors
Depths:3 1 transporter
Zot:2 1 exclusion


Innate Abilities, Weirdness & Mutations

You do not eat or drink.
Your flesh is vulnerable to fire.
You are immune to poison.
Your flesh is cold resistant. (rC+)
You are immune to negative energy. (rN+++)
You are immune to unholy pain and torment.
You can survive without breathing.
You are strongly in touch with the powers of death.


Message History

The rock shatters into small pieces.
There is a stone staircase leading up here.
You climb upwards.
There is a stone staircase leading down here.
Evoke which item? (* to show all) (? for menu, Esc to quit)
Aiming: Dig
Press: ? - help, Shift-Dir - straight line The rock shatters into small pieces.
You see here a buckler.
A Brimstone Fiend comes into view.
The Brimstone Fiend roars!
Qiwam comes into view.
A lich comes into view.
There is a staircase leading out of the dungeon here.
You are a level 27 Mummy Fighter.
I'm sorry, level 27 is as high as you can go.
With the way you've been playing, I'm surprised you got this far.
Play time: 08:59:02 (112896 turns) Unknown command.
You have escaped!

#.# ###.#
#############.# #.#
#...# ##..............
#.#
#.#.#####..............#
#.#
#........L1.....#####..#
#.#
#...#.....#&....#####...
#.#
#..##8###8##.......##.##
#.#
#.........#.....##.##.#
#.#
#...#.....#.....##.##.#
#.#
##..#..@..#.......#...#
#.#
#..#.....#...####.####
#.# #..#.........# #.#
#.# #.##8###8.#..#
#.##### #.#
#..#.....#..#####......
#.#
#.................#####
#.#
#..######...[###.#.##
#.# #..# #####.#.###.##
#.######..# ######>##
##.##


You could see a Brimstone Fiend and a lich.

Vanquished Creatures
  4 orbs of fire
  5 ancient liches
  3 juggernauts
  Frederick (Depths:4)
  Margery (Depths:4)
  Bai Suzhen (Elf:3)
  A profane servitor (Crypt:3)
  15 golden dragons
  Nikola (Depths:1)
  A bone dragon (Crypt:3)
  5 liches
  13 tentacled monstrosities
  Jorgrun (Crypt:2)
  An Ice Fiend (WizLab)
  14 Orb Guardians
  6 titans
  4 deep elf blademasters (Elf:3)
  3 deep elf master archers
  9 quicksilver dragons
  2 ancient champions
  3 sphinxes (Vaults:5)
  8 death cobs
  9 tengu reavers
  8 storm dragons
  Gastronok (Lair:3)
  2 revenants
  Ilsuiw (Shoals:4)
  7 nagarajas
  18 draconian monks
  9 shadow dragons
  17 fire giants
  10 frost giants
  5 iron dragons
  6 draconian scorchers
  4 ghost moths
  9 draconian knights
  7 deep elf sorcerers
  Louise (Shoals:3)
  An emperor scorpion (shapeshifter) (Depths:3)
  11 draconian shifters
  An orc warlord (Vaults:4)
  A cacodemon (D:8)
  15 ghouls
  18 vault wardens
  12 ironheart preservers
  8 draconian stormcallers
  16 stone giants
  5 draconian annihilators
  3 curse skulls
  30 very ugly things
  3 entropy weavers
  4 war gargoyles
  17 green draconians
  10 vampire knights
  A stone giant (shapeshifter) (Depths:4)
  10 deep elf demonologists
  Azrael (D:14)
  Nessos (D:15)
  A dire elephant (Lair:6)
  12 deep elf annihilators
  22 purple draconians
  4 lorocyprocas (WizLab)
  14 spark wasps
  13 yellow draconians
  A spark wasp (shapeshifter) (Depths:2)
  11 black draconians
  13 eidola
  11 red draconians
  16 white draconians
  14 ettins
  An ettin (shapeshifter) (Depths:2)
  A minotaur (shapeshifter) (Vaults:4)
  A fire dragon (shapeshifter) (Depths:2)
  Snorg (Lair:2)
  8 deep elf death magi
  A crystal guardian (Depths:4)
  A green death (WizLab)
  A mummy priest (Crypt:3)
  4 merfolk javelineers
  10 jiangshi
  14 fire dragons
  Fannar (Lair:1)
  12 merfolk impalers
  17 yaktaur captains
  A minotaur (Lab)
  9 great orbs of eyes
  10 deep elf high priests
  7 ice dragons
  A quicksilver dragon skeleton (Crypt:2)
  9 ogre magi
  Harold (Orc:1)
  The ghost of w0lly the Slicer, a journeyman DsBe of Trog (D:12)
  19 naga warriors
  3 juggernaut simulacra (Depths:4)
  9 hydras
  35 vault guards
  5 rakshasas
  A hell beast (Zot:5)
  2 catoblepae
  12 centaur warriors
  12 anacondas
  3 merfolk avatars
  5 spriggan air magi
  A satyr (Shoals:2)
  22 two-headed ogres
  7 death knights
  7 merfolk aquamancers
  3 alligator snapping turtles
  A queen ant (Lair:4)
  A two-headed ogre (shapeshifter) (D:15)
  9 deep troll shamans
  2 tengu warriors
  15 death yaks
  6 orc high priests
  A satyr (shapeshifter) (Depths:2)
  9 spriggan berserkers
  12 vampire magi
  13 deep troll earth magi
  6 soul eaters
  10 deep elf knights
  Urug (D:11)
  3 titan zombies
  2 sun demons
  13 naga sharpshooters
  2 iron trolls
  2 storm dragon zombies
  Sonja (Lair:3)
  20 skeletal warriors
  3 fire crabs (shapeshifter)
  3 salamander mystics
  8 shadow wraiths
  8 hell knights
  A titan skeleton (Crypt:2)
  9 sea snakes
  A golden dragon zombie (Depths:5)
  An anaconda zombie (Crypt:3)
  3 death drakes
  A shadow demon (WizLab)
  24 deep trolls
  2 kraken simulacra (Shoals:4)
  A storm dragon skeleton (Depths:5)
  4 unseen horrors
  2 quicksilver dragon simulacra (Crypt:1)
  3 glowing orange brains
  A torturous demonspawn (Orc:2)
  2 tengu zombies
  7 flayed ghosts
  8 naga ritualists
  3 wizards
  3 lindwurms
  A swamp dragon (shapeshifter) (Depths:2)
  16 deep elf archers
  11 ironbrand convokers
  An orange crystal statue (Elf:2)
  A golden dragon skeleton (Depths:5)
  16 orc knights
  13 necromancers
  The ghost of sking99 the Blocker, a novice MiFi of Okawaru (D:7)
  A shadow dragon zombie (Depths:5)
  20 harpies
  3 oklob plants (Lair:1)
  A wolf spider zombie (Crypt:3)
  5 mana vipers
  A fire giant zombie (Crypt:2)
  2 wolf spiders (shapeshifter)
  A mana viper (shapeshifter) (Depths:4)
  21 phantasmal warriors
  4 stone giant zombies
  3 iron dragon zombies
  A cyclops (shapeshifter) (Depths:4)
  9 orc sorcerers
  46 deep elf magi
  11 manticores
  5 fauns
  34 ugly things
  A shining eye (Snake:4)
  An iron dragon skeleton (Crypt:2)
  7 wolf spiders
  23 moths of wrath
  10 cyclopes
  10 salamanders
  A sphinx skeleton (Vaults:3)
  8 elephants
  A shock serpent zombie (Crypt:3)
  9 merfolk sirens
  An ice statue (Lair:2)
  A black mamba (shapeshifter) (Elf:3)
  33 black mambas
  The ghost of nicolaieve the Cleaver, a novice MiBe of Trog (D:4)
  3 guardian serpents
  30 naga magi
  12 vault sentinels
  A titan simulacrum (Crypt:2)
  A rust devil (Orc:2)
  6 water nymphs
  A water nymph (shapeshifter) (Depths:4)
  A guardian serpent (shapeshifter) (Depths:3)
  Psyche (D:11)
  3 torpor snails (shapeshifter)
  2 dire elephant zombies (Crypt:3)
  A spiny frog (shapeshifter) (Vaults:4)
  3 smoke demons (WizLab)
  A gargoyle (D:14)
  2 orange demons
  2 kobold demonologists
  A storm dragon simulacrum (Crypt:1)
  An efreet (D:14)
  A hellion (Zot:3)
  A rime drake (shapeshifter) (Vaults:5)
  A rime drake (Lair:6)
  A black draconian zombie (Crypt:2)
  A komodo dragon (shapeshifter) (Elf:2)
  12 spiny frogs
  A catoblepas zombie (Crypt:3)
  2 anaconda simulacra (Crypt:1)
  10 komodo dragons
  42 yaktaurs
  5 tengu conjurers
  5 ice devils
  23 freezing wraiths
  3 hellwings
  A tormentor (WizLab)
  A black draconian skeleton (Crypt:1)
  A red devil (Orc:2)
  An elf skeleton (Depths:5)
  A harpy zombie (Crypt:3)
  A yaktaur skeleton (Vaults:3)
  A troll (shapeshifter) (Depths:4)
  5 trolls
  9 wind drakes
  5 polar bears
  3 jumping spiders (Crypt:3)
  A jumping spider (shapeshifter) (Vaults:2)
  15 merfolk
  9 hornets
  A shadow dragon simulacrum (Crypt:1)
  21 hippogriffs
  29 slime creatures
  4 stone giant simulacra (Crypt:1)
  A bog body (Crypt:1)
  2 ice dragon zombies
  33 blink frogs
  2 iron dragon simulacra (Crypt:1)
  2 alligator zombies
  A raiju (shapeshifter) (Vaults:4)
  A snapping turtle (shapeshifter) (Depths:3)
  16 dream sheep
  2 fire giant simulacra (Crypt:1)
  2 frost giant simulacra (Crypt:1)
  A meliai zombie (D:13)
  An ettin zombie (Crypt:3)
  10 snapping turtles
  3 flying skulls (Crypt:1)
  2 ettin skeletons (Crypt:2)
  A redback (shapeshifter) (Vaults:2)
  7 redbacks
  6 air elementals
  A shock serpent simulacrum (Crypt:1)
  7 wyverns
  A black mamba zombie (Crypt:2)
  6 spriggans
  2 shadows
  A tarantella (shapeshifter) (Depths:4)
  16 wraiths
  2 ynoxinuls (WizLab)
  2 ushabtiu (Crypt:3)
  4 water elementals
  39 yaks
  A vampire (D:13)
  8 basilisks
  2 fire dragon skeletons (Crypt:2)
  A tarantella (Vaults:2)
  9 fire elementals
  Eustachio (D:4)
  2 basilisks (shapeshifter) (Vaults:2)
  A hog (shapeshifter) (Vaults:3)
  A neqoxec (WizLab)
  A human (shapeshifter) (Depths:2)
  A dire elephant simulacrum (Crypt:1)
  A catoblepas simulacrum (Crypt:2)
  3 chaos spawn
  A warg (shapeshifter) (Depths:1)
  An emperor scorpion simulacrum (Crypt:1)
  Menkaure (D:4)
  7 wargs
  6 vampire mosquitoes
  A harpy simulacrum (Crypt:1)
  53 nagas
  A torturous demonspawn zombie (Crypt:1)
  A swamp worm (Depths:4)
  2 hydra simulacra (Crypt:1)
  7 hell hounds
  22 soldier ants
  11 water moccasins
  7 porcupines
  Duvessa (D:6)
  A deep troll skeleton (Vaults:1)
  A floating eye (Snake:4)
  A floating eye (shapeshifter) (Depths:4)
  17 necrophages
  11 ice beasts
  8 sky beasts
  A hornet zombie (D:14)
  3 human zombies (Vaults:1)
  A merfolk skeleton (Crypt:1)
  6 swamp drakes (Depths:5)
  2 eyes of draining
  44 orc warriors
  An ettin simulacrum (Crypt:1)
  2 snapping turtle zombies (Crypt:1)
  A fire dragon simulacrum (Crypt:1)
  2 black mamba simulacra (Crypt:1)
  21 ogres
  An alligator simulacrum (Crypt:1)
  A snapping turtle skeleton (Crypt:1)
  12 boggarts
  37 wolves (Lair:6)
  A phantom (D:11)
  22 centaurs
  9 crocodiles
  A big kobold (D:10)
  An octopode zombie (Crypt:2)
  2 earth elementals
  10 bullfrogs
  A wyvern zombie (D:13)
  2 human skeletons (Vaults:3)
  Dowan (D:6)
  A salamander skeleton (Crypt:2)
  7 wyvern skeletons
  2 manticore simulacra
  4 scorpions
  A warg skeleton (Crypt:2)
  3 wights (D:8)
  6 killer bees (D:8)
  A troll skeleton (Crypt:2)
  5 howler monkeys
  5 crimson imps
  5 centaur zombies
  4 quasits
  A human simulacrum (Vaults:3)
  A bullfrog zombie (D:8)
  An iron imp (Depths:3)
  2 centaur skeletons
  4 jellies
  21 orc wizards
  3 bullfrog skeletons
  29 orc priests
  3 hounds
  A soldier ant zombie (Crypt:2)
  A gnoll shaman (D:10)
  A black bear zombie (Crypt:1)
  12 iguanas
  Ijyb (D:3)
  Natasha (thrice) (D:2)
  32 worker ants
  A porcupine skeleton (Crypt:1)
  A mummy (Crypt:3)
  A worker ant zombie (D:11)
  Robin (D:2)
  10 gnolls
  2 howler monkey skeletons
  An ogre simulacrum (Crypt:1)
  A scorpion zombie (Crypt:1)
  15 adders
  A shadow imp (D:14)
  3 white imps
  A halfling zombie (Crypt:1)
  2 oozes
  2 adder skeletons
  2 worms (D:2)
  2 dart slugs (D:2)
  7 leopard geckos
  132 orcs
  2 ball pythons (D:4)
  5 bats
  A bat zombie (Crypt:1)
  7 giant cockroaches
  A goblin (shapeshifter) (Depths:4)
  12 goblins
  5 hobgoblins
  19 jackals
  8 quokkas
  6 frilled lizards
  A hobgoblin skeleton (Crypt:2)
  7 kobolds
  A leopard gecko skeleton (Crypt:2)
  A leopard gecko zombie (D:6)
  6 rats
  A rat skeleton (Crypt:1)
  4 plants (Shoals:4)
  3 withered plants (Crypt:3)
2612 creatures vanquished.

Vanquished Creatures (collateral kills)
  An ancient lich (Zot:5)
  2 Killer Klowns (Zot:5)
  A golden dragon (Zot:5)
  An electric golem (Zot:5)
  7 Orb Guardians (Zot:5)
  3 storm dragons (Zot:5)
  A ghost moth (Zot:5)
  2 draconian annihilators (Zot:5)
  2 draconian scorchers (Zot:5)
  A draconian shifter (Zot:5)
  A reaper (Zot:5)
  2 black draconians (Zot:5)
  2 green draconians (Zot:5)
  A purple draconian (Zot:2)
  A red draconian (Zot:5)
  A merfolk impaler (Shoals:4)
  2 great orbs of eyes (Depths:3)
  A hydra (D:13)
  2 naga warriors (Snake:4)
  2 merfolk avatars (Shoals:4)
  A sea snake (Shoals:4)
  3 deep trolls (Depths:3)
  A harpy (Shoals:4)
  A manticore (Shoals:4)
  2 deep elf magi (D:15)
  2 ugly things
  A faun (Shoals:1)
  A moth of wrath (Zot:2)
  4 merfolk sirens (Shoals:4)
  An orange demon (Zot:5)
  A spiny frog (Lair:5)
  A centaur skeleton (D:15)
  A merfolk (Shoals:4)
  A wind drake (Shoals:4)
  An air elemental (Depths:3)
  A naga (Snake:4)
  A centaur (D:13)
  A crimson imp (D:15)
  A shadow imp (D:15)
62 creatures vanquished.

Vanquished Creatures (others)
  A Killer Klown (Zot:5)
  A tentacled monstrosity (Zot:5)
  6 Orb Guardians (Zot:5)
  An eldritch tentacle (Zot:5)
  A deep elf sorcerer (Elf:3)
  3 black draconians
  A green draconian (Zot:5)
  2 white draconians
  A merfolk impaler (Shoals:4)
  A shock serpent (Snake:4)
  A deep troll earth mage (D:15)
  20 dancing weapons
  A deep elf knight (Vaults:3)
  4 harpies
  2 deep elf magi
  A manticore (Shoals:3)
  2 moths of wrath (Zot:5)
  A faun (Shoals:2)
  2 merfolk (Shoals:4)
  An electric eel (Lair:5)
  A sky beast (D:13)
  An ogre (Vaults:5)
  A quasit (Zot:5)
  3 bushes (Lair:6)
  28 fungi
  22 plants
  16 tentacles (Shoals:4)
  11 withered plants (Crypt:3)
136 creatures vanquished.

Grand Total: 2810 creatures vanquished

Notes
Turn   | Place    | Note
-------+----------+-------------------------------------------
     0 | D:1      | NicuTudor the Mummy Fighter began the quest for the Orb.
     0 | D:1      | Reached XP level 1. HP: 18/18 MP: 1/1
   392 | D:1      | Reached XP level 2. HP: 22/24 MP: 2/2
   967 | D:2      | Found a shadowy altar of Dithmenos.
  1048 | D:2      | Found an opulent altar of Gozag.
  1049 | D:2      | Found a sparkling altar of Nemelex Xobeh.
  1095 | D:2      | Reached XP level 3. HP: 29/29 MP: 3/3
  1262 | D:2      | Noticed Robin
  1289 | D:2      | Killed Robin
  1289 | D:2      | Reached XP level 4. HP: 35/35 MP: 4/4
  1342 | D:2      | Found a shimmering altar of Xom.
  1348 | D:2      | Became a worshipper of Gozag Ym Sagoz the Greedy
  1464 | D:2      | Noticed Natasha
  1475 | D:2      | Killed Natasha
  1934 | D:2      | Reached XP level 5. HP: 41/41 MP: 5/5
  1946 | D:2      | Noticed a moth of wrath
  2105 | D:2      | Noticed Natasha
  2114 | D:2      | Killed Natasha
  2114 | D:2      | Reached skill level 1 in Dodging
  2146 | D:2      | Noticed Natasha
  2159 | D:2      | Killed Natasha
  2562 | D:3      | Noticed Ijyb
  3082 | D:2      | Found a bloodstained altar of Trog.
  3244 | D:3      | @@@CPA!
  3522 | D:3      | @@@Blowgun
  3749 | D:4      | Noticed nicolaieve's ghost (novice MiBe)
  3815 | D:3      | Reached XP level 6. HP: 46/47 MP: 6/6
  4022 | D:3      | Killed Ijyb
  4091 | D:4      | Found Posit's Weapon Shop.
  4140 | D:3      | Reached skill level 4 in Fighting
  4187 | D:4      | Bought 3 curare-tipped needles for 21 gold pieces
  4226 | D:4      | Found a shattered altar of Ashenzari.
  4331 | D:4      | Noticed Menkaure
  4597 | D:4      | Noticed Eustachio
  4604 | D:4      | Killed Eustachio
  4604 | D:4      | Reached skill level 1 in Evocations
  4604 | D:4      | Reached XP level 7. HP: 55/55 MP: 6/8
  4670 | D:4      | Reached skill level 5 in Fighting
  4961 | D:5      | Entered Level 5 of the Dungeon
  4965 | D:5      | Noticed Blork the orc
  5081 | D:4      | Killed nicolaieve's ghost
  5081 | D:4      | Reached skill level 5 in Maces & Flails
  5198 | D:4      | Killed Menkaure
  5198 | D:4      | Reached XP level 8. HP: 62/62 MP: 10/10
  5768 | D:5      | Noticed Blork
  5768 | D:5      | Blork the orc changed into Blork the iguana
  5775 | D:5      | Killed Blork the iguana
  6304 | D:5      | Found a radiant altar of Vehumet.
  7484 | D:6      | Reached skill level 5 in Armour
  7495 | D:6      | Found a hazy altar of Hepliaklqana.
  7540 | D:6      | Reached XP level 9. HP: 68/68 MP: 11/11
  7902 | D:6      | Found a staircase to the Ecumenical Temple.
  7911 | Temple   | Entered the Ecumenical Temple
  8091 | D:6      | Noticed Duvessa
  8123 | D:6      | Killed Duvessa
  8244 | D:6      | Noticed Dowan
  8413 | D:6      | Killed Dowan
  8780 | D:7      | Got a faintly glowing leather armour
  8971 | D:7      | Noticed sking99's ghost (novice MiFi)
  9043 | D:7      | Killed sking99's ghost
  9968 | D:7      | Found a burning altar of Makhleb.
  9968 | D:7      | Noticed a blizzard demon
 10375 | D:8      | Reached XP level 10. HP: 54/74 MP: 12/12
 10432 | D:8      | Found a flagged portal.
 10442 | Bailey   | Entered a bailey
 10834 | D:8      | Noticed a two-headed ogre
 10859 | D:8      | Killed a two-headed ogre
 10859 | D:8      | Reached skill level 5 in Shields
 11129 | D:8      | Found a blossoming altar of Fedhas.
 11178 | D:8      | Found Yqiun's Gadget Emporium.
 12215 | D:9      | Found a hide-covered altar of Uskayaw.
 12217 | D:9      | Noticed a dagger
 12217 | D:9      | Noticed a hand axe
 12219 | D:9      | Noticed a two-headed ogre
 12973 | D:9      | Noticed a skeletal warrior
 13079 | D:10     | Entered Level 10 of the Dungeon
 13155 | D:10     | Reached skill level 10 in Maces & Flails
 13465 | D:10     | Found a staircase to the Orcish Mines.
 13588 | D:10     | Noticed a two-headed ogre
 13621 | D:10     | Killed a two-headed ogre
 13863 | D:10     | Found Erileith's Weapon Shoppe.
 13939 | D:10     | Reached XP level 11. HP: 75/79 MP: 13/13
 14824 | D:11     | Noticed Psyche
 14827 | D:11     | Killed Psyche
 14830 | D:11     | Noticed a centaur warrior
 14859 | D:10     | Killed a centaur warrior
 14859 | D:10     | Reached skill level 5 in Dodging
 15429 | D:11     | Identified the +0 leather armour "Put-Me-On" {-Cast rN++ Regen+ Dex+9} (You found it on level 7 of the Dungeon)
 15443 | D:11     | Noticed Urug
 15481 | D:11     | Killed Urug
 15716 | D:11     | Reached skill level 6 in Fighting
 16222 | D:11     | Found a staircase to the Lair.
 16994 | D:12     | Reached skill level 7 in Fighting
 17036 | D:12     | Noticed a two-headed ogre
 17060 | D:12     | Killed a two-headed ogre
 17097 | D:12     | Found a labyrinth entrance.
 17116 | Lab      | Entered a labyrinth
 17762 | Lab      | Noticed a minotaur
 17793 | Lab      | Killed a minotaur
 17793 | Lab      | Reached XP level 12. HP: 63/91 MP: 14/14
 18317 | D:9      | Killed a two-headed ogre
 18592 | D:9      | Found a snail-covered altar of Cheibriados.
 19050 | Lair:1   | Entered Level 1 of the Lair of Beasts
 19073 | Lair:1   | Noticed Fannar
 19120 | Lair:1   | Killed Fannar
 20853 | Lair:2   | Reached skill level 8 in Fighting
 21497 | Lair:2   | Gained mutation: You are in touch with the powers of death. [Mummy growth]
 21497 | Lair:2   | Reached XP level 13. HP: 76/99 MP: 15/15
 22020 | Lair:2   | Got a twitching diamond amulet
 22120 | Lair:2   | Identified the amulet "Zavudel" {+Rage +Inv rPois rN+} (You found it on level 2 of the Lair of Beasts)
 22159 | Lair:3   | Noticed Gastronok
 22187 | Lair:3   | Killed Gastronok
 22187 | Lair:3   | Reached skill level 9 in Fighting
 22990 | Lair:3   | Noticed Sonja
 22995 | Lair:3   | Killed Sonja
 23214 | Lair:3   | Noticed Snorg
 23433 | Lair:2   | Killed Snorg
 23658 | Lair:3   | Reached skill level 5 in Evocations
 23827 | Lair:4   | Reached skill level 10 in Fighting
 24281 | Lair:4   | Noticed an entropy weaver
 24569 | Lair:3   | Killed an entropy weaver
 24690 | Lair:4   | Noticed an entropy weaver
 24937 | Lair:3   | Killed an entropy weaver
 25947 | Lair:4   | Found a staircase to the Snake Pit.
 26089 | Lair:4   | Found a staircase to the Shoals.
 26223 | Lair:4   | Reached XP level 14. HP: 106/110 MP: 17/17
 26431 | Lair:4   | Got a jewelled quarterstaff
 26812 | Lair:5   | Found a runed door.
 26814 | Lair:5   | Found a viscous altar of Jiyva.
 26816 | Lair:5   | Found a staircase to the Slime Pits.
 26816 | Lair:5   | Noticed an acid blob
 27386 | Lair:5   | Learned a level 3 spell: Spectral Weapon
 27823 | Lair:5   | Reached skill level 10 in Shields
 27996 | Lair:6   | Entered Level 6 of the Lair of Beasts
 28057 | Lair:6   | Found a dark tunnel.
 29646 | Lair:6   | Learned a level 1 spell: Apportation
 30858 | Lair:5   | Reached skill level 10 in Armour
 30858 | Lair:5   | Reached XP level 15. HP: 101/115 MP: 18/18
 31072 | Lair:6   | Identified the +11 war axe "Kixkorawn" {freeze, MR+} (You found it on level 6 of the Lair of Beasts)
 31863 | D:12     | Noticed w0lly's ghost (journeyman DsBe)
 31882 | D:12     | Killed w0lly's ghost
 32689 | D:13     | Found a gate to the Vaults.
 33066 | D:13     | Reached skill level 11 in Fighting
 33823 | D:14     | Noticed Azrael
 33887 | D:14     | Killed Azrael
 34841 | D:14     | Identified the +7 dagger "Ofeicvem" {pierce, rElec Int+3 Stlth+} (You found it on level 14 of the Dungeon)
 34879 | D:14     | Reached skill level 12 in Fighting
 35192 | D:14     | Reached skill level 15 in Maces & Flails
 35219 | D:14     | Found a roughly hewn altar of Beogh.
 35820 | D:15     | Entered Level 15 of the Dungeon
 36435 | D:15     | Found a staircase to the Depths.
 36476 | D:15     | Found Ithiw's Gadget Boutique.
 36919 | D:15     | Noticed Nessos
 36950 | D:15     | Killed Nessos
 37186 | D:15     | Reached XP level 16. HP: 110/127 MP: 19/19
 37652 | Lair:1   | Bought the ring "Ilikhluh" {rPois rF+ AC+5 Dex-3} for 1204 gold pieces
 37779 | Orc:1    | Entered Level 1 of the Orcish Mines
 38272 | Orc:1    | Noticed Harold
 38288 | Orc:1    | Killed Harold
 38502 | Orc:2    | Entered Level 2 of the Orcish Mines
 39127 | Orc:2    | @@@Demoni
 39536 | Orc:2    | Found Reopaonae's Magic Scroll Boutique.
 39684 | Orc:2    | Bought a scroll of magic mapping for 45 gold pieces
 39684 | Orc:2    | Bought a scroll of fear for 45 gold pieces
 39684 | Orc:2    | Bought a scroll of teleportation for 39 gold pieces
 39684 | Orc:2    | Bought a scroll of identify for 26 gold pieces
 39684 | Orc:2    | Bought a scroll of summoning for 123 gold pieces
 39684 | Orc:2    | Bought a scroll of enchant weapon for 97 gold pieces
 39684 | Orc:2    | Bought a scroll of fear for 45 gold pieces
 39684 | Orc:2    | Bought a scroll of teleportation for 39 gold pieces
 39792 | Orc:2    | Found a staircase to the Elven Halls.
 40098 | Orc:2    | Found Qem Yvuz's General Store.
 40100 | Orc:2    | Found Inevvyca's Distillery.
 40169 | Orc:2    | Bought a scroll of enchant armour for 97 gold pieces
 40169 | Orc:2    | Bought a scroll of remove curse for 39 gold pieces
 40974 | Orc:2    | Found Ycle's Gadget Shop.
 40974 | Orc:2    | Found Pybon's Antique Armour Boutique.
 40974 | Orc:2    | Found a one-way gate leading to the halls of Pandemonium.
 40978 | Orc:2    | Bought a runed helmet for 195 gold pieces
 41330 | D:8      | Bought a wand of polymorph (16) for 252 gold pieces
 41529 | Snake:1  | Entered Level 1 of the Snake Pit
 42340 | Snake:1  | Found Eden's Gadget Emporium.
 42342 | Snake:1  | Found Ruffag's Jewellery Shop.
 42343 | Snake:1  | Found Dakamus's Gadget Emporium.
 42349 | Snake:1  | Bought a cursed amulet of inaccuracy for 30 gold pieces
 43532 | Snake:2  | Reached skill level 10 in Dodging
 45750 | Snake:3  | Reached XP level 17. HP: 133/133 MP: 22/22
 46558 | Snake:4  | Entered Level 4 of the Snake Pit
 50487 | Snake:4  | Got a serpentine rune of Zot
 50558 | Snake:4  | Found a glowing silver altar of Zin.
 51246 | Shoals:1 | Entered Level 1 of the Shoals
 51623 | Shoals:1 | @@@Nu am ghete
 51798 | Shoals:1 | Reached XP level 18. HP: 121/140 MP: 23/23
 54439 | Shoals:3 | Noticed Louise
 54455 | Shoals:3 | Killed Louise
 55132 | Shoals:4 | Entered Level 4 of the Shoals
 55660 | Shoals:4 | Noticed Ilsuiw
 56248 | Shoals:4 | Killed Ilsuiw
 56521 | Shoals:4 | Identified the +1 whip of Ragnarok {holy, +Blink rPois rF- Dex+2} (You found it on level 4 of the Shoals)
 57452 | Shoals:4 | Reached skill level 1 in Throwing
 57705 | Shoals:4 | Reached skill level 15 in Shields
 58254 | Shoals:4 | Got a barnacled rune of Zot
 58462 | Shoals:4 | Identified a scroll of acquirement
 58466 | Shoals:4 | Got a scintillating jade ring
 58467 | Shoals:4 | Identified the ring of Ucatwola {Wiz rF++ rC++ Str+3} (You acquired it on level 4 of the Shoals)
 58925 | Vaults:1 | Entered Level 1 of the Vaults
 59320 | Vaults:1 | Reached XP level 19. HP: 146/146 MP: 24/24
 59590 | Vaults:1 | Reached skill level 5 in Throwing
 61755 | Vaults:1 | Found Xyafywne's Distillery.
 62087 | Vaults:1 | Reached skill level 13 in Fighting
 62928 | Vaults:2 | Found a staircase to the Crypt.
 63293 | Vaults:2 | Found a stormy altar of Qazlal.
 64611 | Vaults:3 | Found a magical portal.
 64620 | WizLab   | Entered Doroklohe's Tomb
 64853 | WizLab   | Identified the +8 plate armour of Zuprim {rPois} (You found it in a wizard's laboratory)
 65189 | WizLab   | Reached XP level 20. HP: 145/157 MP: 10/25
 65871 | Vaults:3 | Reached skill level 10 in Throwing
 67690 | Vaults:4 | Reached skill level 14 in Fighting
 69934 | Elf:1    | Entered Level 1 of the Elven Halls
 69961 | Elf:1    | Found a radiant altar of Vehumet.
 70967 | Elf:1    | Reached skill level 15 in Fighting
 72055 | Elf:2    | Found a runed gate.
 72055 | Elf:2    | Found a runed gate.
 72055 | Elf:2    | Found a runed gate.
 72433 | Elf:3    | Entered Level 3 of the Elven Halls
 72468 | Elf:3    | Identified the +2 shield of Refuge {*Contam Int+3 Slay+2 Stlth+} (You found it on level 3 of the Elven Halls)
 72563 | Elf:3    | Noticed Bai Suzhen
 72615 | Elf:3    | Killed Bai Suzhen
 72615 | Elf:3    | Reached XP level 21. HP: 137/168 MP: 26/26
 72833 | Elf:3    | Found Joepuac's Antique Weapon Shop.
 74083 | Elf:3    | Identified the cursed +0 mace of Mumab {vamp, *Drain Dex+5} (You took it off a deep elf high priest on level 3 of the Elven Halls)
 74199 | Elf:3    | Reached skill level 16 in Fighting
 74860 | Elf:3    | @@@Iesii pe minus
 75240 | D:15     | @@@E bizar ca nu gasii ghete.
 75241 | Depths:1 | Entered Level 1 of the Depths
 75775 | D:15     | Reached skill level 15 in Armour
 76678 | D:15     | @@@Ma fitii mult pe scari
 76682 | D:15     | @@@Plictisitor!
 76886 | Depths:1 | Noticed Nikola
 76900 | Depths:1 | Killed Nikola
 77741 | Depths:1 | @@@Armura completa:)
 77757 | Depths:1 | Found a gateway to a ziggurat.
 77763 | Depths:1 | Found a gateway to Hell.
 77828 | Depths:1 | Reached XP level 22. HP: 157/179 MP: 27/27
 78121 | Depths:1 | Noticed a golden dragon
 78134 | Depths:1 | Killed a golden dragon
 79369 | Orc:2    | Bought a wand of digging (11) for 420 gold pieces
 80030 | Depths:2 | Reached skill level 17 in Fighting
 80205 | Depths:2 | @@@Hm..
 80785 | Depths:2 | Noticed a juggernaut
 80801 | Depths:2 | Killed a juggernaut
 81140 | Depths:2 | Identified Lapnyi Fefue's Disquisition on Evil Talismans
 81162 | Depths:2 | Identified the Reference Book on Darkness and Stones
 82292 | Depths:3 | Found a snail-covered altar of Cheibriados.
 82332 | Depths:3 | Noticed a juggernaut
 82335 | Depths:3 | Found a bloodstained altar of Trog.
 82336 | Depths:3 | Found the cursed necklace of Bloodlust {*Rage +Rage MR++ Int-3 Slay+6 *Curse}
 82348 | Depths:3 | Found Wack's General Store.
 82446 | Depths:3 | Reached skill level 18 in Fighting
 82645 | Depths:3 | Found a one-way gate to the infinite horrors of the Abyss.
 83152 | Depths:3 | Found a transporter.
 83429 | Depths:3 | Reached XP level 23. HP: 180/190 MP: 28/28
 84557 | Depths:4 | Noticed Frederick
 84574 | Depths:4 | Killed Frederick
 86063 | Depths:4 | Reached skill level 19 in Fighting
 86955 | Depths:5 | Entered Level 5 of the Depths
 87805 | Depths:5 | Noticed an ancient lich
 87910 | Depths:4 | Killed an ancient lich
 88103 | Depths:5 | Noticed Margery
 88104 | Depths:5 | Noticed a juggernaut
 88304 | Depths:4 | Killed Margery
 88505 | Depths:4 | Killed a juggernaut
 89242 | Depths:4 | Reached skill level 20 in Fighting
 89431 | Depths:5 | Reached XP level 24. HP: 204/204 MP: 28/28
 90025 | Depths:5 | Reached skill level 15 in Dodging
 90588 | Depths:5 | Identified the Handbook of Dark Magic
 91124 | Depths:5 | Found a gate to the Realm of Zot.
 91178 | Depths:5 | Noticed a juggernaut
 91201 | Depths:5 | Killed a juggernaut
 91968 | Depths:3 | Bought a scroll of torment for 112 gold pieces
 91968 | Depths:3 | Bought a scroll of torment for 112 gold pieces
 92441 | Vaults:5 | Entered Level 5 of the Vaults
 92591 | Vaults:4 | Reached skill level 21 in Fighting
 93251 | Vaults:5 | Reached XP level 25. HP: 196/214 MP: 28/28
 93910 | Vaults:5 | Noticed an ancient lich
 93919 | Vaults:5 | Killed an ancient lich
 94420 | Vaults:5 | Identified the +8 storm dragon scales of Repulsion {rElec MR++ Str+4 Int-4} (You took it off a yaktaur captain on level 5 of the Vaults)
 94458 | Vaults:5 | Got a silver rune of Zot
 95005 | Vaults:5 | Learned a level 2 spell: Blink
 95009 | Vaults:5 | Learned a level 3 spell: Lesser Beckoning
 95112 | Vaults:5 | Reached skill level 1 in Spellcasting
 95124 | Vaults:5 | Reached skill level 1 in Translocations
 95336 | Vaults:5 | Noticed an ancient lich
 95344 | Vaults:5 | Killed an ancient lich
 95344 | Vaults:5 | Reached skill level 1 in Hexes
 95352 | Vaults:5 | Reached skill level 1 in Charms
 95354 | Vaults:5 | Got a scintillating glass ring
 95357 | Vaults:5 | Identified the ring "Itzuvop" {rCorr Dex+2} (You took it off a deep elf death mage on level 5 of the Vaults)
 96039 | Crypt:1  | Entered Level 1 of the Crypt
 97449 | Crypt:2  | Gained mutation: You are strongly in touch with the powers of death. [Mummy growth]
 97449 | Crypt:2  | Reached XP level 26. HP: 216/224 MP: 29/29
 97556 | Crypt:2  | Noticed Jorgrun
 97566 | Crypt:2  | Killed Jorgrun
 97610 | Crypt:2  | Reached skill level 22 in Fighting
 98545 | Crypt:3  | Entered Level 3 of the Crypt
 99348 | Crypt:3  | Found a staircase to the Tomb.
 99790 | Crypt:3  | Found a basalt altar of Yredelemnul.
100085 | Crypt:3  | Found the amulet of the Air {Inacc +Fly rElec EV+5 RMsl}
100114 | Crypt:3  | Got a vibrating glass ring
100116 | Crypt:3  | Identified the ring of Ycruiph {*Slow rPois rF+ rN+ Int+4} (You took it off a death knight on level 3 of the Crypt)
100178 | Crypt:3  | Identified the Compendium of the Blaze and Summoning
100183 | Crypt:3  | Learned a level 1 spell: Summon Butterflies
100221 | Crypt:3  | Reached skill level 1 in Summonings
100382 | Crypt:3  | Got a translucent copper ring
100386 | Crypt:3  | Identified the ring "Ataogryo" {-Tele rN+ Str-5 Int+8} (You took it off a skeletal warrior on level 3 of the Crypt)
101218 | Lair:1   | Bought a box of beasts for 220 gold pieces
101408 | Orc:2    | Bought a phantom mirror for 420 gold pieces
101408 | Orc:2    | Bought a phantom mirror for 420 gold pieces
101764 | Zot:1    | Entered Level 1 of the Realm of Zot
102417 | Zot:1    | Reached skill level 23 in Fighting
103740 | Zot:2    | Reached XP level 27. HP: 122/235 MP: 29/29
103973 | Zot:2    | Noticed an orb of fire
104004 | Zot:2    | Killed an orb of fire
105911 | Zot:2    | Reached skill level 24 in Fighting
108108 | Zot:2    | Noticed an orb of fire
108141 | Zot:2    | Killed an orb of fire
109223 | Zot:4    | Reached skill level 25 in Fighting
109320 | Zot:5    | Entered Level 5 of the Realm of Zot
110954 | Zot:5    | Killed an ancient lich
111043 | Zot:5    | Noticed an ancient lich
111080 | Zot:5    | Killed an ancient lich
111232 | Zot:5    | Noticed an orb of fire
111251 | Zot:5    | Noticed an orb of fire
111276 | Zot:5    | Noticed an orb of fire
111391 | Zot:5    | Noticed an orb of fire
111415 | Zot:5    | Killed an orb of fire
111845 | Zot:5    | Noticed an ancient lich
111876 | Zot:5    | Killed an ancient lich
111908 | Zot:5    | Noticed an orb of fire
111922 | Zot:5    | Killed an orb of fire
111922 | Zot:5    | Reached skill level 26 in Fighting
112068 | Zot:5    | Got the Orb of Zot
112144 | Zot:5    | Noticed an ancient lich
112178 | Zot:2    | Noticed Zebean the pandemonium lord
112339 | Zot:3    | Noticed Moum the pandemonium lord
112894 | D:1      | Noticed Qiwam the pandemonium lord
112897 | D:$      | Escaped with the Orb!

Skill      XL: |  1  2  3  4  5  6  7  8  9 10 11 12 13 14 15 16 17 18 19 20 21 22 23 24 25 26 27 |
---------------+----------------------------------------------------------------------------------+-----
Maces & Flails | 2 3 4 5 6 9 10 11 12 13 14 15 16 | 16.0
Dodging        | 1 2 3 4 5 7 10 12 14 15 16 18 20 | 20.0
Armour         | 3 5 6 7 10 11 12 14 16 18 19 20 21 | 21.1
Fighting       | 4 5 7 8 10 12 13 15 16 18 20 21 23 26 | 26.2
Evocations     | 1 3 5 7 |  7.0
Shields        | 4 6 8 9 10 11 13 15 | 15.0
Throwing       | 4 9 10 | 10.0
Spellcasting   | 4 |  4.0
Translocations | 3 |  3.0
Hexes          | 3 |  3.0
Charms         | 3 |  3.0
Summonings     | 3 |  3.0

Action                   |  1- 3 |  4- 6 |  7- 9 | 10-12 | 13-15 | 16-18 | 19-21 | 22-24 | 25-27 || total
-------------------------+-------+-------+-------+-------+-------+-------+-------+-------+-------++-------
Melee: Flail             |    38 |     3 |   186 |   464 |       |       |       |       |       ||   691
       Mace              |    54 |   210 |   350 |       |       |       |       |       |       ||   614
       Dagger            |       |       |       |    32 |     8 |       |    53 |     2 |       ||    95
       Morningstar       |       |       |       |   327 |   202 |       |       |       |       ||   529
       Eveningstar       |       |       |       |   422 |  1790 |  2983 |  2306 |  1924 |  2800 || 12225
       War axe           |       |       |       |       |     4 |       |       |       |       ||     4
 Fire: Blowgun           |       |     4 |    19 |    13 |    10 |       |       |     2 |       ||    48
Throw: Stone             |       |       |     2 |       |       |       |       |       |       ||     2
       Javelin           |       |       |       |       |     5 |     5 |    67 |    51 |     8 ||   136
       Throwing net      |       |       |       |       |       |     7 |     6 |     2 |     1 ||    16
 Cast: Spectral Weapon   |       |       |       |       |       |       |       |       |     2 ||     2
       Blink             |       |       |       |       |       |       |       |       |     1 ||     1
       Summon Butterflie |       |       |       |       |       |       |       |       |     7 ||     7
       Lesser Beckoning  |       |       |       |       |       |       |       |       |     7 ||     7
       Apportation       |       |       |       |       |       |       |       |       |     9 ||     9
Invok: Potion Petition   |       |     1 |     1 |     6 |     4 |     5 |    21 |     5 |    11 ||    54
       Call Merchant     |       |       |       |       |     2 |     1 |       |       |       ||     3
       Bribe Branch      |       |       |       |       |       |       |       |       |     1 ||     1
 Abil: Evoke Flight      |       |       |       |     1 |     3 |       |       |       |     1 ||     5
       Stop Flying       |       |       |       |     1 |     2 |       |       |       |     1 ||     4
       Evoke Invisibilit |       |       |       |       |     5 |    19 |    23 |     1 |    21 ||    69
Evoke: Wand              |       |     4 |     4 |    14 |    58 |    93 |    41 |    33 |    36 ||   283
       Phial of floods   |       |       |       |       |       |     1 |     3 |       |     1 ||     5
       Fan of gales      |       |       |       |       |       |       |       |     1 |     1 ||     2
       Phantom mirror    |       |       |       |       |       |       |       |       |     1 ||     1
  Use: Scroll            |     3 |     8 |     5 |     9 |    12 |    19 |    12 |    13 |    17 ||    98
 Stab: Distracted        |       |     1 |     1 |       |    12 |     4 |     7 |    12 |     9 ||    46
       Invisible         |       |       |       |     4 |     9 |    24 |    43 |       |    56 ||   136
       Paralysed         |       |       |       |       |    18 |     9 |    36 |     3 |       ||    66
       Held in net/web   |       |       |       |       |       |    10 |     4 |     3 |       ||    17
       Betrayed ally     |       |       |       |       |       |     1 |       |       |       ||     1
       Confused          |       |       |       |       |       |       |       |     3 |       ||     3
Armor: Chain mail        |    52 |   111 |    99 |       |       |       |       |       |       ||   262
       Scale mail        |     3 |       |       |       |       |       |       |       |       ||     3
       Crystal plate arm |       |       |    40 |   513 |  1020 |  1345 |   817 |   981 |    70 ||  4786
       Plate armour      |       |       |   175 |   183 |   240 |     2 |       |       |       ||   600
       Storm dragon scal |       |       |       |       |       |       |       |       |   937 ||   937
Dodge: Dodged            |    15 |    41 |    76 |   172 |   332 |   515 |   571 |   587 |   977 ||  3286
Block: Shield            |    43 |    85 |   204 |   598 |  1082 |  1401 |  1329 |  1118 |  1426 ||  7286

Table legend:
 A = Turns spent in this place as a percentage of turns spent in the entire game.
 B = Non-inter-level travel turns spent in this place as a percentage of non-inter-level travel turns spent in the entire game.
 C = Inter-level travel turns spent in this place as a percentage of turns spent in this place.
 D = Turns resting spent in this place as a percentage of non-inter-level travel turns spent in this place.
 E = Turns spent auto-exploring this place as a percentage of non-inter-level travel turns spent in this place.
 F = Non-inter-level travel turns spent in this place divided by the number of levels of this place that you've seen.
                   A       B       C       D       E      F
               +-------+-------+-------+-------+-------+----------------------
         Total | 100.0 | 100.0 |   6.5 |  34.9 |  19.1 | 1885.7
       Dungeon |  25.4 |  23.7 |  12.9 |  32.3 |  23.3 | 1665.3
        Temple |   0.0 |   0.0 |   0.0 |   0.0 |   0.0 |   2.0
          Lair |  11.6 |  11.6 |   6.0 |  33.4 |  21.3 | 2047.2
        Shoals |   6.6 |   6.9 |   2.4 |  40.0 |  11.9 | 1825.0
     Snake Pit |   8.3 |   8.6 |   2.4 |  44.5 |  18.9 | 2281.2
  Orcish Mines |   3.4 |   3.1 |  13.6 |  23.6 |  17.4 | 1637.5
   Elven Halls |   4.4 |   4.6 |   2.6 |  34.7 |  20.1 | 1619.0
        Vaults |  12.2 |  12.3 |   5.1 |  30.9 |  20.5 | 2607.4
         Crypt |   4.3 |   4.4 |   3.6 |  20.6 |  23.8 | 1552.7
        Depths |  13.2 |  13.4 |   4.9 |  45.5 |  10.7 | 2824.4
           Zot |   9.0 |   9.5 |   1.5 |  31.7 |  22.7 | 2009.2
     Labyrinth |   0.7 |   0.8 |   0.0 |  38.1 |   0.0 | 827.0
        Bailey |   0.2 |   0.2 |   0.0 |  22.0 |   0.0 | 209.0
        Wizlab |   0.8 |   0.8 |   0.0 |  26.3 |   0.0 | 876.0
               +-------+-------+-------+-------+-------+----------------------

Table legend:
 A = Kills in this place as a percentage of kills in entire the game.
 B = Kills by you in this place as a percentage of kills by you in the entire game.
 C = Kills by friends in this place as a percentage of kills by friends in the entire game.
 D = Other kills in this place as a percentage of other kills in the entire game.
 E = Experience gained in this place as a percentage of experience gained in the entire game.
 F = Experience gained in this place divided by the number of levels of this place that you have seen.
                   A       B       C       D       E      F
               +-------+-------+-------+-------+-------+----------------------
         Total | 100.0 | 100.0 | 100.0 | 100.0 | 100.0 | 33276.5
       Dungeon |  18.5 |  18.8 |  14.5 |   3.8 |   6.4 | 7947.9
          Lair |  10.5 |  10.8 |   1.6 |   0.0 |   4.4 | 13741.7
        Shoals |   5.5 |   5.2 |  21.0 |   0.0 |   4.3 | 20160.0
     Snake Pit |   7.3 |   7.4 |   4.8 |   0.0 |   5.8 | 26985.0
  Orcish Mines |   4.6 |   4.8 |   0.0 |   0.0 |   1.3 | 11804.0
   Elven Halls |   4.7 |   4.2 |   0.0 |  65.4 |   5.6 | 35088.7
        Vaults |  15.3 |  15.7 |   0.0 |  11.5 |  18.8 | 70127.2
         Crypt |   9.9 |  10.2 |   0.0 |   0.0 |   8.9 | 55272.3
        Depths |  12.9 |  13.1 |   9.7 |   3.8 |  20.8 | 77349.4
           Zot |   9.2 |   8.2 |  48.4 |  15.4 |  22.9 | 85161.6
     Labyrinth |   0.2 |   0.2 |   0.0 |   0.0 |   0.1 | 1825.0
        Bailey |   0.7 |   0.7 |   0.0 |   0.0 |   0.0 | 183.0
        Wizlab |   0.7 |   0.7 |   0.0 |   0.0 |   0.7 | 13344.0
               +-------+-------+-------+-------+-------+----------------------

Vault maps used:
D:1:      scummos_arrival_simple_crosswalls
D:2:      lemuel_round_altar, tgw_trog, nemelex_xobeh_ov_fountains_minmay,
          grunt_temple_overflow_open, grunt_ministairs_2, uniq_natasha,
          uniq_robin
D:3:      uniq_ijyb
D:4:      serial_shops, kennysheep_mini_moat, minmay_tree_intersection,
          cheibrodos_ashenzari_chains, uniq_menkaure, uniq_eustachio
D:5:      vehumet_statue, first_ration, gup_sewer_entry_glass,
          minmay_stone_trees_small, nrook_uturn, uniq_blork_the_orc
D:6:      lemuel_crystal_altar, temple_statues, corexii_checkpoint_a,
          uniq_duvessa
D:7:      makhleb_altar_promises_db, serial_aquarium, aquarium_bridge_straight,
          aquarium_bridge_long_separate, aquarium_window_fake,
          aquarium_window_corridor_2, aquarium_view_2g, aquarium_view_2d,
          the_bakery
D:8:      marbit_many_paths, serial_shops,
          nicolae_shop_competitors_out_of_business, enter_bailey_1,
          kennysheep_generic_room_15
D:9:      cheibriados_altar_1, dancing_weapons_uskayaw,
          small_chamber_with_monster
D:10:     orc_david_3, serial_shops, nicolae_shop_stone,
          kennysheep_windowed_goal
D:11:     lair_entry_dummy, uniq_psyche, uniq_urug
D:12:     lab_entry_generic
D:13:     david_vaults_2
D:14:     minmay_strange_pillars, david_defended_altar_orc, uniq_azrael
D:15:     grunt_enter_depths_hoard, serial_shops, nicolae_shop_stone,
          serial_curves, eino_curves_01, eino_curves_03, uniq_nessos
Temple:   minmay_temple_curvy_loop
Lair:1:   serial_forest, infiniplex_forest_lined_2, infiniplex_forest_fountain,
          infiniplex_forest_clump_medium, infiniplex_forest_end_3,
          infiniplex_forest_clump_cross, infiniplex_forest_lined_2,
          infiniplex_forest_lined_2, infiniplex_forest_straight_1,
          infiniplex_forest_straight_2, serial_bayou_shore_a,
          minmay_lair_oklob_chamber, uniq_fannar
Lair:2:   st_stairs_10, ice2_lemuel, lemuel_fruit_fields, serial_bayou_shore_b,
          lemuel_fruit_tree
Lair:3:   small_statue_intersection, guppyfry_lair_drakes, uniq_gastronok,
          uniq_sonja, uniq_snorg
Lair:4:   minmay_shoals_entry_beasts, guppyfry_snake_entry_garden, zaba_anthell,
          lemuel_fruit_fields
Lair:5:   slime_altar_2, serial_bayou_pond_c, zaba_anthole,
          beast_lair_carwin_10, infiniplex_staircase_pool
Lair:6:   grunt_lair_end_beastmaster, enter_volcano_3,
          grunt_forest_large_clearings, grunt_megastairs_3
Shoals:3: uniq_louise
Shoals:4: shoals_end_grunt_ice, shoals_ilsuiw_alternative
Snake:1:  minmay_shop_grove
Snake:4:  snake_pit, basic_altar
Orc:1:    uniq_harold
Orc:2:    pf_orc_diabolical, serial_shops, shop, mines2_lemuel
Elf:1:    eino_elf_arrival_altar, hangedman_corner_corridor, minmay_fountain_box
Elf:2:    grunt_ministairs_14, minivault_16
Elf:3:    minmay_elf_hall_not_hex, serial_shops, nicolae_shop_stone,
          uniq_bai_suzhen
Vaults:1: hangedman_vaults_cutoff, vaults_dpeg_diagonal, nicolae_vaults_meeting,
          hangedman_vaults_slice, vaults_dpeg_spiral, v_pattern_3,
          grunt_vaults_funnel, hangedman_vaults_corner_blocks, serial_shops,
          shop
Vaults:2: minmay_crypt_entry_simple_round, v_misc_3, v_rooms_4, v_misc_5,
          v_misc_5, nicolae_vaults_network_square, v_misc_33,
          nicolae_vaults_asterisk, st_check, ontoclasm_vaults_ligature,
          vaults_room_grid, v_misc_15, ontoclasm_vaults_idyll,
          nicolae_vaults_little_squares_4, basic_altar
Vaults:3: grunt_vaults_twisty, v_misc_17, nicolae_vaults_three_branches,
          hangedman_vaults_capsules, nicolae_vaults_rhombus_7,
          nicolae_vaults_specimen_jars, ontoclasm_vaults_hangar,
          vaults_room_fours, mu_enter_wizlab_5
Vaults:4: vaults_mumra_hexcomb, ontoclasm_vaults_tryst,
          nicolae_vaults_ninety_degrees, nicolae_vaults_network_periphery,
          nicolae_vaults_rhombus_6, nicolae_vaults_network_star,
          vaults_room_hallway, hangedman_vaults_impose, vaults_room_hallway
Crypt:1:  st_chilly_death
Crypt:2:  uniq_jorgrun
Crypt:3:  evilmike_haunted_forest
Depths:1: enter_ziggurat_b, pan_entry, hell_entry, grunt_ministairs_7,
          minmay_swirly_circle, uniq_nikola
Depths:2: minmay_the_grid_square_5x5_4x4_mashed, hell_entry,
          serial_sigils_hangedman_writhe, infiniplex_staircase_river
Depths:3: emtedronai_trogs_sanctum, pan_entry, basic_altar, abyss_entry,
          hangedman_coc_ice_floe, serial_shops,
          nicolae_shop_temple_entry_statues_fountains,
          kennysheep_generic_room_12
Depths:4: hangedman_crystal_crosses_colossus, abyss_entry, hell_entry,
          uniq_frederick
Depths:5: lemuel_castle_with_subvaults, special_room,
          hangedman_abyss_or_decor_jellyfish_corner, grunt_metal_band
Lab:      labyrinth_watery, nicolae_lab_do_over, nicolae_lab_dead_end,
          labyrinth_lava_lair
Bailey:   bailey_polearm_5, bailey
WizLab:   wizlab_doroklohe
